 Dungeon Crawl Stone Soup version 0.25.0-15-gac7dcb8 (webtiles) character file.

Game seed: 696361848037415821

444 shmeve the Skirmisher (level 6, 0/57 HPs)
             Began as a Minotaur Berserker on June 28, 2020.
             Was a Priest of Trog.
             Slain by a big kobold
             ... wielding a +0 dagger of draining
              (1 damage)
             ... on level 3 of the Dungeon.
             The game lasted 00:04:29 (3133 turns).

shmeve the Skirmisher (Minotaur Berserker)          Turns: 3133, Time: 00:04:30

Health: 0/57       AC:  3    Str: 22    XL:     6   Next: 72%
Magic:  5/5        EV: 12    Int:  5    God:    Trog [***...]
Gold:   131        SH:  0    Dex: 10    Spells: 5/5 levels left

rFire    . . .     SeeInvis .   a - +0 hand axe
rCold    . . .     Gourm    .   (no shield)
rNeg     . . .     Faith    .   b - +0 animal skin
rPois    .         Spirit   .   (helmet restricted)
rElec    .         Reflect  .   h - +0 cloak
rCorr    .         Harm     .   (no gloves)
MR       ++...                  (no boots)
Stlth    +.........             (no amulet)
HPRegen  1.19/turn              (no ring)
MPRegen  0.09/turn              (no ring)

@: lethally poisoned (0 -> -7), flying, regenerating, drained
A: retaliatory headbutt, horns 2
a: Berserk, Trog's Hand, Renounce Religion


You were on level 3 of the Dungeon.
You worshipped Trog.
Trog was most pleased with you.
You were hungry.

You visited 1 branch of the dungeon, and saw 3 of its levels.

You collected 131 gold pieces.

Inventory:

Hand Weapons
 a - a +0 hand axe (weapon)
Missiles
 p - 4 poisoned darts (quivered)
Armour
 b - a +0 animal skin (worn)
 h - a +0 cloak (worn)
Jewellery
 l - an uncursed amulet of magic regeneration {unknown}
Scrolls
 d - 4 scrolls of amnesia {unknown}
 e - a scroll of blinking {unknown}
 f - 2 scrolls of identify {unknown}
 g - 2 scrolls of noise {unknown}
 i - a scroll of fog {unknown}
 j - a scroll of immolation {unknown}
 n - 2 scrolls of teleportation {unknown}
 r - a scroll of magic mapping {unknown}
Potions
 m - a potion of heal wounds {unknown}
 o - a potion of degeneration {unknown}
 q - a potion of flight
 s - a potion of curing {unknown}
Comestibles
 c - 6 rations
 k - 6 chunks of flesh


   Skills:
 * Level 5.8(4.8) Fighting
 * Level 5.7(4.7) Axes
 + Level 2.2(1.2) Throwing
 + Level 3.9(3.0) Armour
 + Level 3.5(2.6) Dodging


You had 5 spell levels left.
You didn't know any spells.
Your spell library was empty.

Dungeon Overview and Level Annotations

Branches:
Dungeon (3/15)

Altars:
Nemelex Xobeh
Yredelemnul


Innate Abilities, Weirdness & Mutations

You reflexively headbutt those who attack you in melee.
You have a pair of horns on your head.


Message History

* * * LOW HITPOINT WARNING * * *
You feel drained.
* * * LOW HITPOINT WARNING * * *
Your skin crawls.
You feel resistant to hostile enchantments.
You are feeling hungry.
* * * LOW HITPOINT WARNING * * *
You feel very sick.
The big kobold hits you with a +0 dagger of draining.
* * * LOW HITPOINT WARNING * * *
You feel drained.
It was a potion of flight.
You feel very buoyant.
You fly up into the air.
* * * LOW HITPOINT WARNING * * *
You feel sick.
The big kobold hits you with a +0 dagger of draining.
* * * LOW HITPOINT WARNING * * *
You feel drained.
You die...

#.# #........## #.## #........#
#..# #.(......# ##.## ##########
#..# ##.## #####..# #######
#......###...).###
#.####†....K@)...# #.#
#))))#####..... #.#
#)####≈≈≈###... ## #.#
#.#≈≈≈≈≈≈≈≈#### ###† #.#
##.##≈≈≈≈≈≈≈≈≈# #...
#####.###..####≈≈≈############.#)
............<..................#.
####..###.######################.
##.# #.# #.


You could see a big kobold.

Vanquished Creatures
  A big kobold (D:3)
  Jessica (D:2)
  Natasha (thrice) (D:2)
  A worker ant (D:2)
  7 gnolls (D:3)
  7 adders (D:2)
  2 oozes
  3 worms (D:2)
  4 dart slugs
  A leopard gecko (D:3)
  An orc (D:3)
  10 bats
  9 giant cockroaches
  8 goblins
  10 hobgoblins
  4 jackals (D:2)
  A quokka (D:2)
  A ball python (D:1)
  4 frilled lizards
  10 kobolds
  10 rats
98 creatures vanquished.

Notes
Turn   | Place    | Note
-------+----------+-------------------------------------------
     0 | D:1      | shmeve the Minotaur Berserker began the quest for the Orb.
     0 | D:1      | Reached XP level 1. HP: 19/19 MP: 0/0
   174 | D:1      | Reached XP level 2. HP: 27/27 MP: 1/1
   435 | D:1      | Reached ** piety under Trog
   497 | D:1      | Reached XP level 3. HP: 33/33 MP: 2/2
   652 | D:1      | Found a sparkling altar of Nemelex Xobeh.
   966 | D:2      | Reached skill level 1 in Throwing
   970 | D:2      | Reached XP level 4. HP: 13/41 MP: 3/3
   996 | D:2      | HP: 2/41 [poisoned by a worker ant]
  1004 | D:2      | HP: 1/41 [poisoned by a worker ant]
  1692 | D:2      | Noticed Natasha
  1692 | D:2      | Noticed Jessica
  1697 | D:2      | Killed Natasha
  1698 | D:2      | Killed Jessica
  1698 | D:2      | Reached XP level 5. HP: 47/47 MP: 4/4
  1755 | D:2      | Reached skill level 5 in Fighting
  2006 | D:2      | Reached skill level 5 in Axes
  2010 | D:2      | Found a basalt altar of Yredelemnul.
  2163 | D:2      | Noticed Natasha
  2169 | D:2      | Killed Natasha
  2319 | D:2      | Noticed Natasha
  2323 | D:2      | Killed Natasha
  2644 | D:2      | Reached XP level 6. HP: 56/56 MP: 5/5
  2844 | D:3      | Reached *** piety under Trog
  3133 | D:3      | HP: 1/57 [big kobold/+0 dagger of draining (2)]
  3133 | D:3      | Slain by a big kobold

Illustrated notes

Levels and vault maps discovered:
D:1:      eino_arrival_cavern_b, layout_rooms, nemelex_diamond_rough_becter
D:2:      layout_basic, grunt_ministairs_11, st_stairs_11,
          yredelemnul_altar_generic, uniq_natasha, uniq_jessica
D:3:      cheibrodos_thug_alley, layout_basic, portal_sewer_entry_b,
          first_ration

Skill      XL: |  1  2  3  4  5  6 |
---------------+-------------------+-----
Fighting       | 4 5 |  5.8
Axes           | 4 5 |  5.7
Throwing       | 1 2 |  2.2
Armour         | 3 |  3.9
Dodging        | 3 |  3.5

Action                   |  1- 3 |  4- 6 || total
-------------------------+-------+-------++-------
Melee: Hand axe          |    62 |   113 ||   175
       Headbutt          |    10 |    13 ||    23
Throw: Dart              |       |     6 ||     6
Invok: Trog's Hand       |       |     3 ||     3
       Berserk           |       |     2 ||     2
  Use: Potion            |       |     1 ||     1
 Stab: Sleeping          |       |     2 ||     2
  Eat: Chunk             |       |     9 ||     9
Armor: Animal skin       |    17 |    22 ||    39
Dodge: Dodged            |    56 |    85 ||   141
